 Dungeon Crawl Stone Soup version 0.23-a0-386-g9c9d49f (webtiles) character file.

71 Amnesiac the Cutter (level 4, -1/34 HPs)
             Began as a Vampire Chaos Knight on Oct 28, 2018.
             Was a Plaything of Xom.
             Slain by a gnoll
             ... wielding a +0 halberd
              (8 damage)
             ... on level 2 of the Dungeon.
             The game lasted 00:01:58 (1017 turns).

Amnesiac the Cutter (Vampire Chaos Knight)          Turns: 1017, Time: 00:01:59

Health: -1/34      AC:  5    Str: 11    XL:     4   Next: 5%
Magic:  4/4        EV: 12    Int: 15    God:    Xom [..*...]
Gold:   71         SH:  0    Dex: 13    Spells: 3/3 levels left

rFire    . . .     SeeInvis +   f - +3 short sword
rCold    . . .     Gourm    .   (no shield)
rNeg     + . .     Faith    .   b - +2 leather armour
rPois    .         Spirit   .   (no helmet)
rElec    .         Reflect  .   (no cloak)
rCorr    .         Harm     .   (no gloves)
MR       .....                  (no boots)
Stlth    ++........             (no amulet)
HPRegen  0.11/turn              (no ring)
MPRegen  0.09/turn              (no ring)

@: no status effects
A: fangs 3, see invisible, unbreathing
a: Bat Form, Renounce Religion


You were on level 2 of the Dungeon.
You worshipped Xom.
You were a toy of Xom.
You were not thirsty.

You visited 1 branch of the dungeon, and saw 2 of its levels.

You collected 71 gold pieces.

Inventory:

Hand Weapons
 a - a +0 short sword of chaos
 f - a +3 short sword (weapon)
Armour
 b - a +2 leather armour (worn)
Scrolls
 d - a scroll of identify {!r, unknown}
 g - 2 scrolls of remove curse {!r, unknown}
 h - a scroll of blinking {!r, unknown}
 i - a scroll of immolation {!r, unknown}
 j - a scroll of fog {!r, unknown}
Potions
 c - 12 potions of blood {!q}
 e - 2 potions of curing {!q}
 k - a potion of lignification {!q, unknown}
 l - a potion of heal wounds {!q, unknown}


   Skills:
 - Level 2.6 Fighting
 * Level 4.4 Short Blades
 - Level 0.7 Armour
 - Level 2.1 Dodging
 + Level 4.3 Stealth


You had 3 spell levels left.
You didn't know any spells.
Your spell library was empty.

Dungeon Overview and Level Annotations

Branches:
Dungeon (2/15)

Altars:

Annotations:
D:2 Jessica


Innate Abilities, Weirdness & Mutations

You have razor-sharp teeth.
You have supernaturally acute eyesight. (SInv)
You can survive without breathing.


Message History

The gnoll barely misses you.
You hit the gnoll.
The gnoll is almost dead.
You hit the gnoll but do no damage. You bite the gnoll, but do no damage.
The gnoll is almost dead.
The gnoll drinks a potion.
The gnoll is healed!
You hit the gnoll but do no damage.
The gnoll is moderately wounded.
The gnoll barely misses you.
You hit the gnoll.
The gnoll is severely wounded.
Jessica gestures wildly.
The gnoll hits you.
You hit the gnoll.
The gnoll is almost dead.
The gnoll barely misses you.
Unknown command.
You hit the gnoll but do no damage.
The gnoll is almost dead.
The gnoll barely misses you.
You hit the gnoll.
You kill the gnoll!
You have reached level 4!
You barely miss the kobold.
Jessica mumbles some strange words.
Jessica blinks!
The kobold hits you but does no damage.
The gnoll shouts!
Jessica gestures wildly.
Jessica gestures at you while chanting.
You barely resist. Jessica casts a spell at you.
You are unaffected.
Jessica zaps a wand.
The puff of flame hits you!
You hit the kobold.
The kobold is severely wounded.
The kobold barely misses you.
You hit the kobold.
You kill the kobold!
You hit the gnoll.
The gnoll is lightly wounded.
The gnoll hits you but does no damage.
You barely miss the gnoll.
The gnoll is lightly wounded.
The gnoll hits you with a +0 whip!
You barely miss the gnoll.
The gnoll is lightly wounded.
Jessica mumbles some strange words.
Jessica blinks!
The gnoll hits you with a +0 whip. Jessica casts a spell at you.
Pain shoots through your body!
Jessica zaps a wand.
The puff of flame hits you!
* * * LOW HITPOINT WARNING * * *
Jessica mumbles some strange words.
Jessica blinks!
A gnoll comes into view.
The gnoll shouts!
Jessica mumbles some strange words.
Jessica blinks!
You closely miss Jessica. Jessica barely misses you.
The gnoll closely misses you. Jessica misses you.
Jessica zaps a wand.
The puff of flame hits you!
* * * LOW HITPOINT WARNING * * *
The gnoll hits you from afar with a +0 halberd!
You die...
Xom chuckles heartily!

#### ########...
#..........
#.#......#
#)#g###..#
#.#?##...#
#########g#g##!#
.......@g.#....#
.#####.@g.!.ยง###
#.#####.?.# #.#
###.# #.# ... #.#
#... #.# ##. #.#
#.#


You could see 3 gnolls and Jessica.

Vanquished Creatures
  A gnoll (D:2)
  2 adders (D:2)
  3 dart slugs
  2 giant cockroaches (D:2)
  A goblin (D:2)
  3 hobgoblins
  6 jackals (D:1)
  3 ball pythons
  4 bats
  8 kobolds
  3 rats
36 creatures vanquished.

Notes
Turn   | Place    | Note
-------+----------+-------------------------------------------
     0 | D:1      | Amnesiac the Vampire Chaos Knight began the quest for the
                  | Orb.
     0 | D:1      | Reached XP level 1. HP: 17/17 MP: 1/1
    81 | D:1      | Reached skill level 1 in Stealth
   110 | D:1      | Reached XP level 2. HP: 15/23 MP: 2/2
   346 | D:1      | XOM: divination: magic mapping
   676 | D:1      | Reached XP level 3. HP: 26/28 MP: 3/3
   985 | D:2      | Noticed Jessica
  1001 | D:2      | Reached XP level 4. HP: 30/34 MP: 4/4
  1017 | D:2      | Slain by a gnoll

Vault maps used:
D:1:      lemuel_arrival_cross
D:2:      lemuel_tele_altar, uniq_jessica

Skill      XL: |  1  2  3 |
---------------+----------+-----
Stealth        | 2 3 4 |  4.3
Short Blades   | 4 |  4.4
Fighting       | |  2.6
Armour         | |  0.7
Dodging        | |  2.1

Action                   |  1- 3 |  4- 6 || total
-------------------------+-------+-------++-------
Melee: Short sword       |   114 |     7 ||   121
       Bite              |     8 |       ||     8
 Stab: Paralysed         |     1 |       ||     1
       Sleeping          |     4 |       ||     4
Armor: Leather armour    |    31 |     2 ||    33
Dodge: Dodged            |    72 |     4 ||    76

Table legend:
 A = Non-vault XP
 B = Vault XP
 C = Vault XP percentage of total XP
 D = Non-vault monster count
 E = Vault monster count
 F = Vault count percentage of total count
                 A         B        C        D         E       F
            +---------+---------+-------+---------+---------+-------
      Total |     102 |       0 |   0.0 |      36 |       0 |   0.0
            +---------+---------+-------+---------+---------+-------
        D:1 |      42 |       0 |   0.0 |      23 |       0 |   0.0
        D:2 |      60 |       0 |   0.0 |      13 |       0 |   0.0
            +---------+---------+-------+---------+---------+-------
